 Dungeon Crawl Stone Soup version 0.29.1-15-g9cfb28693d (webtiles) character file.

Game seed: 14586832684405904320

800 GigaChad the Chopper (level 7, -2/61 HPs)
             Began as a Minotaur Fighter on Mar 14, 2023.
             Slain by a necrophage (4 damage)
             ... on level 6 of the Dungeon.
             The game lasted 00:04:26 (4470 turns).

GigaChad the Chopper (Minotaur Fighter)             Turns: 4470, Time: 00:04:26

Health: -2/61      AC: 12    Str: 22    XL:     7   Next: 59%
Magic:  6/6        EV:  8    Int:  5    God:
Gold:   257        SH:  5    Dex: 10    Spells: 6/6 levels left

rFire   . . .      SeeInvis .   o - +6 hand axe of Wu Jian's Fury {vorpal, rElec}
rCold   . . .      Faith    .   c - +0 buckler
rNeg    . . .      Spirit   .   z - +1 chain mail
rPois   .          Reflect  .   (helmet restricted)
rElec   +          Harm     .   l - +0 cloak
rCorr   .          Rampage  .   (no gloves)
Will    .....                   (no boots)
Stlth   ..........              (no amulet)
HPRegen 0.20/turn               (no ring)
MPRegen 0.10/turn               (no ring)

@: no status effects
A: horns 2, retaliatory headbutt
a: no special abilities


You were on level 6 of the Dungeon.
You visited 1 branch of the dungeon, and saw 6 of its levels.

You collected 257 gold pieces.

Inventory:

Hand Weapons
 a - a +0 war axe of freezing
 o - the +6 hand axe of Wu Jian's Fury (weapon) {vorpal, rElec}
   (You found it on level 3 of the Dungeon)

   It inflicts extra damage upon your enemies.
   rElec:     It insulates you from electricity.
Armour
 b - a +0 scale mail
 c - a +0 buckler (worn)
 l - a +0 cloak (worn)
 z - a +1 chain mail (worn)
Jewellery
 m - a ring of poison resistance
 w - a ring of flight
 x - a +6 ring of strength
Wands
 p - a wand of polymorph (3)
Scrolls
 f - 2 scrolls of immolation
 k - a scroll of identify
 t - a scroll of enchant armour
 v - a scroll of teleportation
 y - a scroll of amnesia
Potions
 d - a potion of might
 e - 3 potions of degeneration {unknown}
 g - 2 potions of heal wounds {unknown}
 h - 2 potions of attraction {unknown}
 i - 4 potions of curing {unknown}
 j - a potion of flight {unknown}
 n - a potion of invisibility {unknown}
 q - a potion of lignification {unknown}
 r - 3 potions of magic {unknown}
 s - 2 potions of berserk rage {unknown}
 u - a potion of brilliance {unknown}


   Skills:
 + Level 5.2 Fighting
 + Level 6.6 Axes
 + Level 6.5 Armour
 + Level 2.1 Dodging
 + Level 0.2 Stealth
 + Level 5.1 Shields


You had 6 spell levels left.
You didn't know any spells.
Your spell library contained the following spells:

 Spells                   Type           Power      Damage    Failure   Level
 Magic Dart               Conj           0%         1d3       99%         1
 Ensorcelled Hibernation  Hex/Ice        0%         N/A       100%        2
 Passwall                 Tmut/Erth      0%         N/A       100%        2
 Searing Ray              Conj           0%         2d4       100%        2
 Swiftness                Air            0%         N/A       100%        3
 Fulminant Prism          Conj/Hex       0%         3d6       100%        4


Dungeon Overview and Level Annotations

Branches:
Dungeon (6/15)
 Temple: D:4-7

Altars:
Gozag
Makhleb
Nemelex Xobeh
Okawaru
Uskayaw

Shops:
D:1 !

Annotations:
D:5 1 runed translucent door, AverageBear's ghost, novice DsFi
D:6 Maggie


Innate Abilities, Weirdness & Mutations

You have a pair of horns on your head.
You reflexively headbutt those who attack you in melee.


Message History

The puff of flame misses you.
You hear some strange, mumbled words.
A magic dart appears from out of thin air!
The magic dart hits you.
* * * LOW HITPOINT WARNING * * *
You hear some strange, mumbled words.
Something tries to affect you, but you resist.
You bump into the rock wall.
You feel less confused.
You slash the ogre!
You kill the ogre!
You hear some strange, mumbled words.
Something tries to affect you, but you resist.
You block the necrophage's attack.
You hear some strange, mumbled words.
Something tries to affect you, but you resist.
Maggie hits you from afar with a +0 halberd of flaming!
* * * LOW HITPOINT WARNING * * *
Maggie burns you.
* * * LOW HITPOINT WARNING * * *
Things that are here:
a +0 giant club; an ogre corpse Maggie casts a spell.
Maggie attempts to bespell you!
You easily resist.
You hit the necrophage.
The necrophage is moderately damaged.
The necrophage completely misses you. You furiously retaliate!
You headbutt the necrophage. You barely miss the necrophage.
The necrophage is moderately damaged.
The necrophage hits you but does no damage.
You block Maggie's attack.
You slash the necrophage!
You headbutt the necrophage, but do no damage.
The necrophage is almost destroyed.
You block the necrophage's attack. Maggie hits you but does no damage.
You closely miss the necrophage.
The necrophage is almost destroyed.
The necrophage hits you.
You die...

.......<#
###++####.#
........#.#
........#.#######
..≈≈≈≈..#........
.@≈≈≈§..'.######.
..≈≈≈≈..@{#
..§≈≈≈..#n##
.(......#@.#
........##.#
###++#### .# .#
.# .# .. .#


You could see Maggie and a necrophage.

Vanquished Creatures
  The ghost of GigaChad the Covered, an amateur MiFi (D:3)
  A black bear (D:3)
  An ogre (D:6)
  A centaur (D:4)
  A bullfrog (D:4)
  A scorpion (D:4)
  3 jellies
  2 hounds
  5 adders
  3 dart slugs
  7 orcs
  12 endoplasms
  3 giant cockroaches
  6 hobgoblins
  4 jackals (D:1)
  14 kobolds
  3 quokkas
  5 ball pythons
  2 bats
  2 frilled lizards
  3 goblins
  5 rats
85 creatures vanquished.

Vanquished Creatures (others)
  6 fungi (D:2)
  7 toadstools (D:2)
13 creatures vanquished.

Grand Total: 98 creatures vanquished

Notes
Turn   | Place    | Note
-------+----------+-------------------------------------------
     0 | D:1      | GigaChad the Minotaur Fighter began the quest for the Orb.
     0 | D:1      | Reached XP level 1. HP: 19/19 MP: 0/0
   241 | D:1      | Reached XP level 2. HP: 27/27 MP: 1/1
   380 | D:1      | Found Wupenorgh's Distillery.
   852 | D:2      | Reached XP level 3. HP: 32/33 MP: 2/2
   866 | D:2      | Found a faded altar of an unknown god.
  1304 | D:2      | Reached XP level 4. HP: 36/40 MP: 3/3
  1309 | D:2      | Reached skill level 1 in Dodging
  1827 | D:3      | Reached XP level 5. HP: 46/46 MP: 4/4
  1853 | D:3      | Noticed a black bear
  1861 | D:3      | Killed a black bear
  2040 | D:3      | Identified the +6 hand axe of Wu Jian's Fury {vorpal,
                  | rElec}
  2121 | D:3      | Found an iron altar of Okawaru.
  2225 | D:3      | Reached skill level 5 in Armour
  2460 | D:3      | Found a runed translucent door.
  2464 | D:3      | Noticed GigaChad's ghost (amateur MiFi)
  2690 | D:3      | Killed GigaChad's ghost
  2691 | D:3      | Reached skill level 5 in Axes
  2691 | D:3      | Reached XP level 6. HP: 32/53 MP: 5/5
  3114 | D:4      | Reached XP level 7. HP: 58/60 MP: 6/6
  3131 | D:4      | Found a burning altar of Makhleb.
  3670 | D:4      | Reached skill level 5 in Fighting
  3670 | D:4      | Reached skill level 5 in Shields
  3805 | D:5      | Entered Level 5 of the Dungeon
  3822 | D:5      | Found a runed translucent door.
  3822 | D:5      | Noticed AverageBear's ghost (novice DsFi)
  3959 | D:5      | Found a hide-covered altar of Uskayaw.
  4215 | D:5      | Found a sparkling altar of Nemelex Xobeh.
  4378 | D:5      | Found an opulent altar of Gozag.
  4453 | D:6      | Noticed Maggie
  4465 | D:6      | HP: 1/61 [Maggie/+0 halberd of flaming (5)]
  4470 | D:6      | Slain by a necrophage

Illustrated notes

Levels and vault maps discovered:
D:1:      psy_arrival_conway, layout_basic, serial_shops, nicolae_lakefront_shop
D:2:      cheibrodos_fertilizer, layout_rooms,
          shapermc_ecumenical_altar_starsandcircs, grunt_ministairs_1
D:3:      layout_basic, okawaru_metal_pillars_3, ebering_ghost_reflecting_pool
D:4:      layout_basic, mainiacjoe_overflow_cross_hatched
D:5:      layout_gridville, nicolae_uskayaw_murder_on_the_dancefloor,
          mainiacjoe_overflow_paths, general_overflow_altar,
          hellmonk_ghost_happy_afterlife
D:6:      minmay_polygon_palace, layout_loops_ring,
          nicolae_ru_sacrificial_ziggurat, kennysheep_mini,
          kennysheep_generic_room_6, uniq_maggie

Skill      XL: |  1  2  3  4  5  6  7 |
---------------+----------------------+-----
Armour         | 4 5 6 |  6.5
Shields        | 4 5 |  5.1
Axes           | 3 4 5 6 |  6.6
Fighting       | 4 5 |  5.2
Dodging        | 1 2 |  2.1
Stealth        | |  0.2

Action                   |  1- 3 |  4- 6 |  7- 9 || total
-------------------------+-------+-------+-------++-------
Melee: War axe           |    70 |    31 |       ||   101
       Headbutt          |    11 |     6 |     6 ||    23
       Hand axe          |       |    24 |    49 ||    73
  Use: Scroll            |     4 |       |     6 ||    10
Armor: Scale mail        |    33 |    23 |    11 ||    67
       Chain mail        |       |       |    15 ||    15
Dodge: Dodged            |    32 |    18 |    23 ||    73
Block: Buckler           |    17 |    16 |    10 ||    43
